Map: Ice and Chrome LE

Players

maomao - Winner!

  • Race: Zerg Zerg
  • League: Gold
  • Spawn Location: 7:00

A.I. 1 (Harder)

  • Race: Protoss Protoss
  • Spawn Location: 1:00

VOD

Have the link to the VOD?

Description

Time

  • Played on: June 12, 2020, 2:15 p.m.
  • Length: 9:46
Show
View Real Time Build Order
Export as new Build Order

maomao Zerg - Winner!

Build Orders: Hatch First, Roach Hydra 

Get SALT Encoding   

  12  0:01  Drone  
  13  0:12  Overlord  
  13  0:16  Drone  
  14  0:31  Drone x2  
  16  0:50  Hatchery  
  16  0:53  Drone  
  16  0:55  Drone  
  17  0:59  Drone  
  18  1:10  Extractor  
  17  1:15  Spawning Pool  
  17  1:17  Drone  
  17  1:20  Drone  
  18  1:30  Drone  
  19  1:40  Drone  
  20  1:50  Overlord  
  20  2:03  Queen  
  20  2:04  Queen  
  20  2:05  Zergling x4  
  26  2:12  Drone  
  26  2:13  Drone  
  28  2:18  Metabolic Boost  
  28  2:23  Drone  
  28  2:24  Drone  
  30  2:35  Overlord  
  30  2:36  Drone  
  31  2:45  Queen x2  
  31  2:51  Overlord  
  35  2:54  Drone  
  36  2:59  Drone x2  
  38  3:07  Drone x2  
  40  3:17  Drone x5  
  40  3:18  Drone  
  46  3:24  Extractor  
  46  3:25  Extractor  
  44  3:28  Evolution Chamber  
  43  3:34  Roach Warren  
  43  3:37  Lair  
  42  3:50  Drone x5  
  42  3:51  Drone x2  
  49  3:56  Zerg Missile Weapons Level 1  
  49  3:59  Overlord  
  49  4:04  Overlord  
  49  4:20  Roach x3  
  49  4:21  Roach x2  
  49  4:22  Roach  
  61  4:34  Glial Reconstitution  
  61  4:35  Overlord  
  61  4:36  Overlord  
  61  4:40  Hydralisk Den  
  61  4:43  Extractor  
  59  4:46  Drone x3  
  62  5:10  Grooved Spines  
  62  5:12  Hydralisk x2  
  66  5:15  Drone x5, Hatchery  
  70  5:23  Hydralisk x2  
  70  5:27  Overlord  
  74  5:30  Roach  
  76  5:36  Roach x2  
  80  5:49  Zerg Missile Weapons Level 2  
  80  5:59  Hydralisk x2, Roach x4  
  80  6:02  Overlord  
  92  6:04  Overlord  
  89  6:22  Drone x6  
  92  6:40  Drone x2  
  92  6:41  Drone x4  
  98  6:53  Muscular Augments  
  98  6:55  Overlord  
  98  6:56  Overlord  
  98  6:57  Extractor  
  93  7:02  Extractor  
  93  7:08  Drone x4  
  89  7:09  Drone x3  
  93  7:31  Overlord  
  93  7:32  Overlord  
  93  7:33  Roach  
  93  7:34  Roach x2  
  99  7:40  Hydralisk  
  99  7:41  Hydralisk x2  
  99  7:42  Roach x3  
  111  8:06  Roach  
  111  8:07  Roach x2  
  117  8:14  Overlord x4  
  117  8:16  Hydralisk x5  
  117  8:17  Roach  
  117  8:18  Roach x7  
  117  8:19  Roach  
  145  8:20  Overlord  
  145  8:21  Overlord  
  145  8:40  Hydralisk  
  145  8:41  Hydralisk x2  
  147  8:42  Roach x7  
  147  8:43  Roach  
  163  8:56  Drone x4  
  165  9:07  Hydralisk x3  
  165  9:08  Roach x4  
  165  9:09  Roach x3  
  183  9:15  Drone x2  
  185  9:18  Hydralisk x3  
Show
View Real Time Build Order
Export as new Build Order

A.I. 1 (Harder) Protoss 

Build Orders:  

Get SALT Encoding   

  12  0:00  Probe  
  13  0:13  Probe  
  14  0:19  Pylon  
  14  0:25  Probe  
  15  0:34  Probe  
  15  0:42  Probe  
  16  0:47  Assimilator  
  17  0:51  Gateway  
  17  0:52  Probe  
  18  1:00  Probe  
  18  1:01  Pylon  
  19  1:18  Probe  
  20  1:38  Zealot  
  22  1:40  Gateway  
  22  1:43  Cybernetics Core  
  22  1:45  Assimilator  
  22  2:01  Pylon  
  22  2:09  Stalker  
  24  2:24  Warp Gate  
  24  2:29  Zealot  
  26  2:39  Zealot  
  26  2:41  Pylon  
  28  2:55  Stalker  
  28  2:58  Stalker  
  32  3:20  Pylon  
  32  3:25  Stalker  
  34  3:28  Stalker  
  36  3:35  Probe  
  37  3:47  Probe  
  38  3:55  Adept  
  38  3:56  Forge  
  38  3:59  Stalker, Probe  
  43  4:08  Probe  
  43  4:15  Pylon  
  43  4:16  Probe  
  45  4:26  Probe  
  46  4:33  Stalker  
  48  4:42  Adept  
  50  5:35  Protoss Ground Weapons Level 1  
  50  5:45  Sentry  
  50  5:47  Gateway  
  50  5:49  Robotics Facility  
  52  5:52  Twilight Council  
  52  5:53  Stalker, Nexus  
  52  5:56  Photon Cannon  
  54  5:57  Photon Cannon  
  54  5:59  Pylon  
  54  6:08  Stalker  
  56  6:16  Sentry  
  40  6:28  Zealot  
  40  6:29  Stalker x2, Blink  
  36  6:36  Observer  
  36  6:39  Stalker  
  39  6:47  Adept  
  41  6:55  Zealot  
  41  6:57  Observer  
  40  7:03  Zealot  
  40  7:05  Probe  
  35  7:11  Zealot  
  32  7:15  Zealot  
  30  7:23  Zealot  
  30  7:25  Zealot  
  32  7:32  Zealot  
  28  7:43  Sentry  
  30  7:50  Stalker  
  32  7:59  Stalker  
  32  8:03  Probe  
  28  8:07  Stalker  
  30  8:21  Stalker  
  30  8:22  Stalker  
  33  8:30  Zealot  
  35  8:42  Probe  
  34  8:52  Stalker  
  26  9:04  Stalker  
  26  9:09  Pylon  
  26  9:19  Zealot  
  25  9:27  Zealot  
Tags
 
Composition
Roach Hydra
League
Gold
Matchup
PvZ
Spawn Locations
Cross Positions
Add a new tag
Caveats
  • Supply blocks, unpowered buildings, or Contaminate may cause inaccurate times.
  • Supply counts are checked every 10 seconds.